 Dungeon Crawl Stone Soup version 0.28-a0-850-g09de17f5b5 (webtiles) character file.

Game seed: 2252068410712682887

1248 porpoise the Magician (level 8, -3/41 HPs)
             Began as a Deep Elf Conjurer on Nov 14, 2021.
             Slain by a hornet zombie (13 damage)
             ... on level 6 of the Dungeon.
             The game lasted 00:15:42 (5551 turns).

porpoise the Magician (Deep Elf Conjurer)           Turns: 5551, Time: 00:15:42

Health: -3/41      AC:  3    Str:  5    XL:     8   Next: 26%
Magic:  0/21       EV: 12    Int: 25    God:
Gold:   282        SH:  0    Dex: 13    Spells: 11/22 levels left

rFire   . . .      SeeInvis .   a - staff of conjuration
rCold   . . .      Faith    .   (no shield)
rNeg    . . .      Spirit   .   f - +0 robe
rPois   .          Reflect  .   (no helmet)
rElec   .          Harm     .   (no cloak)
rCorr   .          Rampage  .   d - +0 pair of gloves
Will    .....                   (no boots)
Stlth   ++........              (no amulet)
HPRegen 0.13/turn               (no ring)
MPRegen 0.17/turn               (no ring)

@: studying Armour
A: no striking features
a: no special abilities


You were on level 6 of the Dungeon.
You visited 1 branch of the dungeon, and saw 6 of its levels.

You collected 282 gold pieces.

Inventory:

Hand Weapons
 b - a +0 hunting sling
 w - a +3 dagger of draining
Missiles
 m - 142 stones
 o - 10 poisoned darts
 q - a boomerang
 s - a throwing net
 z - 29 sling bullets
Armour
 d - a +0 pair of gloves (worn)
 f - a +0 robe (worn)
Magical Staves
 a - a staff of conjuration (weapon)
Wands
 v - a wand of paralysis (10)
Scrolls
 e - 2 scrolls of blinking
 i - a scroll of enchant armour {unknown}
 j - a scroll of acquirement {unknown}
 k - a scroll of vulnerability {unknown}
 l - a scroll of teleportation {unknown}
 p - a scroll of amnesia
 y - 2 scrolls of magic mapping
Potions
 c - a potion of magic
 g - a potion of heal wounds {unknown}
 h - a potion of attraction
 n - a potion of cancellation
 r - a potion of might {unknown}
 t - 5 potions of curing
 u - a potion of lignification {unknown}
 x - a potion of brilliance {unknown}
 A - a potion of mutation {unknown}


   Skills:
 - Level 2.4 Dodging
 - Level 2.4 Stealth
 + Level 7.7 Spellcasting
 + Level 6.3 Conjurations
 - Level 7.0 Hexes
 - Level 5.0 Translocations


You had 11 spell levels left.
You knew the following spells:

 Your Spells              Type           Power      Damage    Failure   Level
a - Magic Dart            Conj           100%       1d8       1%          1
b - Searing Ray           Conj           100%       2d8       1%          2
c - Fulminant Prism       Conj/Hex       29%        3d14      4%          4
d - Iskenderun's Mystic   Conj/Tloc      54%        2d12      6%          4

Your spell library contained the following spells:

 Spells                   Type           Power      Damage    Failure   Level
 Dazzling Flash           Conj/Hex       100%       N/A       1%          3
 Summon Guardian Golem    Hex/Summ       27%        N/A       4%          3
 Sting                    Tmut/Pois      36%        1d4       6%          1
 Poisonous Vapours        Pois/Air       18%        N/A       10%         2
 Ozocubu's Armour         Ice            9%         N/A       19%         3
 Metabolic Englaciation   Hex/Ice        13%        N/A       38%         5
 Olgreb's Toxic Radiance  Pois           9%         N/A       52%         4
 Orb of Destruction       Conj           29%        9d11      98%         7
 Simulacrum               Ice/Necr       4%         N/A       100%        6
 Spellforged Servitor     Conj/Summ      19%        N/A       100%        7


Dungeon Overview and Level Annotations

Branches:
Dungeon (6/15)             Temple (0/1) D:6

Altars:
Qazlal


Message History

Confirm with . or Enter, or press ? or * to list all spells.
Restarting spell: Searing Ray (safe; 1% risk of failure)
Press: ? - help, Shift-Dir - straight line, f - hornet zombie
Aim: a hornet zombie (moderately damaged, 84% to hit)
The searing ray hits the hornet zombie.
The hornet zombie is moderately damaged. (Press . to maintain the ray.) Unknown command.
The searing ray hits the hornet zombie.
The hornet zombie is moderately damaged.
The hornet zombie misses you. The hornet zombie barely misses you.
The searing ray hits the hornet zombie.
The hornet zombie is heavily damaged.
The hornet zombie hits you but does no damage.
The searing ray hits the hornet zombie!
The hornet zombie is heavily damaged.
You finish channelling your searing ray.
The hornet zombie hits you.
Casting: Searing Ray (safe; 1% risk of failure)
Confirm with . or Enter, or press ? or * to list all spells.
Aiming: Searing Ray (safe; 1% risk of failure)
Press: ? - help, Shift-Dir - straight line, f/p - hornet zombie
Aim: a hornet zombie (heavily damaged, 84% to hit)
The searing ray hits the hornet zombie.
The hornet zombie is severely damaged. (Press . to maintain the ray.)
The hornet zombie hits you! x2
The searing ray hits the hornet zombie.
The hornet zombie is severely damaged.
The hornet zombie barely misses you.
The searing ray hits the hornet zombie!
The hornet zombie is almost destroyed.
The hornet zombie hits you.
a - a staff of conjuration (weapon)
The hornet zombie hits you.
* * * LOW HITPOINT WARNING * * *
You hit the hornet zombie.
The hornet zombie is almost destroyed.
The hornet zombie hits you!
You die...

##.###<###......#*,,, *********
#.###.####.#####**** *,,,,,,,*
#............,,,,,,* ****,,,,,,,*
###.#.##.....,,***,*
*,,,,,,,,,,*####.#.##.....,,,,*,*
,,,,,,,,,,,*#.............,,,,,,,
*,,,,,,,,,,*#.##.##.#.....,,*,*,*
*,**,,,,,..##.##.##.#.....,,*,*,*
*,**,,,,,......Z@)........,,,,,,*
*,*******####.##.##.###.#.,,*,***
*,* #,*#.#*.# *,,,,,,,* ,,*
*,,...,.# ***,,,*** **********
**##.#*## *,,,* *,,,,,*
#.#*******,,,***** ****,,,,,**
#.#*,<,,,,,,,,,,,, ,,**,,,,,,*
***#.#,,,,,,,,,,,,,,, *,**,,,,,,*
*,,,,*,,,,,,,,,,,,,,,


You could see a hornet zombie.

Vanquished Creatures
  A sky beast (D:6)
  A black bear (D:6)
  2 ogres
  2 necrophages (D:5)
  A phantom (D:4)
  A bullfrog (D:4)
  A water moccasin zombie (D:5)
  A scorpion (D:4)
  A water moccasin skeleton (D:5)
  A howler monkey (D:6)
  A hound (D:4)
  3 orc priests
  An iguana (D:5)
  4 orc wizards
  A hound skeleton (D:4)
  4 adders
  2 ufetubi
  A worm (D:5)
  A dart slug (D:1)
  10 orcs
  11 ball pythons
  7 endoplasms
  A giant cockroach (D:3)
  8 hobgoblins
  5 jackals
  3 quokkas
  3 bats
  3 frilled lizards
  8 goblins
  5 kobolds
  3 rats
97 creatures vanquished.

Vanquished Creatures (others)
  3 fulminant prisms
3 creatures vanquished.

Grand Total: 100 creatures vanquished

Notes
Turn   | Place    | Note
-------+----------+-------------------------------------------
     0 | D:1      | porpoise the Deep Elf Conjurer began the quest for the Orb.
     0 | D:1      | Reached XP level 1. HP: 10/10 MP: 6/6
   502 | D:1      | Reached XP level 2. HP: 15/15 MP: 3/8
   517 | D:1      | Learned a level 2 spell: Searing Ray
  1121 | D:2      | Reached skill level 5 in Conjurations
  1121 | D:2      | Reached XP level 3. HP: 19/19 MP: 5/10
  1534 | D:2      | Found a faded altar of an unknown god.
  1839 | D:3      | Reached XP level 4. HP: 24/24 MP: 3/12
  1849 | D:3      | Reached skill level 5 in Spellcasting
  2512 | D:3      | Learned a level 4 spell: Fulminant Prism
  2517 | D:3      | Learned a level 4 spell: Iskenderun's Mystic Blast
  2864 | D:4      | Reached skill level 1 in Hexes
  2864 | D:4      | Reached XP level 5. HP: 26/28 MP: 2/15
  3064 | D:4      | Noticed a phantom
  3069 | D:4      | Killed a phantom
  3079 | D:4      | Reached XP level 6. HP: 32/32 MP: 7/17
  3768 | D:4      | Reached skill level 5 in Hexes
  4061 | D:4      | Reached skill level 1 in Translocations
  4061 | D:4      | Reached XP level 7. HP: 22/36 MP: 11/19
  4336 | D:5      | Entered Level 5 of the Dungeon
  5237 | D:6      | Found a stormy altar of Qazlal.
  5260 | D:6      | Reached skill level 5 in Translocations
  5260 | D:6      | Reached XP level 8. HP: 19/41 MP: 9/20
  5517 | D:6      | Noticed an air elemental
  5551 | D:6      | Slain by a hornet zombie

Illustrated notes

Levels and vault maps discovered:
D:1:      doesnt_arrival_eight_statues, layout_basic
D:2:      layout_loops_ring, chequers_ecumenical_altar_island
D:3:      layout_loops_ring, chequers_hall_statues_wall_a, roderic_lattice_a
D:4:      minmay_recursive_quarters, layout_cave_pools, minmay_manual_monstrance
D:5:      cheibrodos_quashed, layout_gridville, kennysheep_generic_room_12
D:6:      layout_loops_cross, nicolae_qazlal_style_of_elements,
          minmay_temple_entry_mini_moons, chequers_arboretum,
          nicolae_shop_overcharged_wands, uniq_duvessa, uniq_menkaure,
          uniq_sigmund

Skill      XL: |  1  2  3  4  5  6  7  8 |
---------------+-------------------------+-----
Spellcasting   | 4 5 6 7 |  7.7
Conjurations   | 5 6 |  6.3
Hexes          | 1 3 5 7 |  7.0
Translocations | 1 5 |  5.0
Dodging        | |  2.4
Stealth        | |  2.4

Action                   |  1- 3 |  4- 6 |  7- 9 || total
-------------------------+-------+-------+-------++-------
Melee: Staff             |       |    10 |     1 ||    11
 Fire: Hunting sling     |       |    25 |    21 ||    46
 Cast: Magic Dart        |    46 |    27 |     6 ||    79
       Searing Ray       |     6 |    22 |    17 ||    45
       Iskenderun's Myst |       |       |     3 ||     3
       Fulminant Prism   |       |       |     3 ||     3
  Use: Scroll            |       |     2 |     5 ||     7
Armor: Robe              |       |     6 |     3 ||     9
Dodge: Dodged            |       |    13 |     5 ||    18

Table legend: (Time is in decaauts)
 A = Elapsed time spent in this place.
 B = Non-inter-level travel time spent in this place.
 C = Inter-level travel time spent in this place.
 D = Time resting spent in this place.
 E = Time spent auto-exploring this place.
 F = Levels seen in this place.
 G = Mean time per level.
                   A        B        C        D        E       F      G
               +--------+--------+--------+--------+--------+-----+--------+
         Total |   5565 |   5442 |    123 |   1974 |   2839 |   6 |  927.5 |
       Dungeon |   5565 |   5442 |    123 |   1974 |   2839 |   6 |  927.5 |
               +--------+--------+--------+--------+--------+-----+--------+

Top non-repeatable levels by time:
     D:4: 1388 daAuts
     D:3: 1151 daAuts
     D:5: 1096 daAuts
     D:1: 969 daAuts
     D:2: 837 daAuts
     D:6: 122 daAuts
